 Dungeon Crawl Stone Soup version 0.30.1-11-g7821555f0a (webtiles) character file.

Game seed: 380015780818657214

110 Okkudo the Chopper (level 4, -1/40 (41) HPs)
             Began as a Hill Orc Monk on Nov 28, 2023.
             Slain by Crazy Yiuf
             ... wielding a +3 quarterstaff of chaos
              (12 damage)
             ... on level 3 of the Dungeon.
             The game lasted 00:08:33 (1808 turns).

Okkudo the Chopper (Hill Orc Monk)                  Turns: 1808, Time: 00:08:34

HP:   -1/40 (41)    AC:  5    Str: 15    XL:     4   Next: 91%
MP:   0/4           EV: 11    Int: 10    God:
Gold: 90            SH:  0    Dex: 13    Spells: 3/3 levels left

rFire   + . .        a - +0 hand axe
rCold   + . .        d - orb {light}
rNeg    . . .        h - +0 ring mail
rPois   +            (no helmet)
rElec   +            (no cloak)
rCorr   +            (no gloves)
SInv    .            (no boots)
Will    .....        p - amulet of regeneration
Stlth   +            (no ring)
HPRegen 1.06/turn    (no ring)
MPRegen 0.09/turn

%: no passive effects
@: resistant, glowing, lightly drained
A: no striking features
a: no special abilities


You were on level 3 of the Dungeon.
You visited 1 branch of the dungeon, and saw 3 of its levels.

You collected 90 gold pieces.

Inventory:

Hand Weapons
 a - a +0 hand axe (weapon)
 s - a +0 trident
Missiles
 l - 8 poisoned darts (quivered)
Armour
 d - an orb of light (worn)
 h - a +0 ring mail (worn)
Jewellery
 p - an amulet of regeneration (around neck)
 t - an amulet of the acrobat
 w - a ring of willpower
Wands
 q - a wand of charming (14)
Scrolls
 b - a scroll of fear {unknown}
 f - 3 scrolls of teleportation {unknown}
 i - a scroll of torment {unknown}
 k - a scroll of identify {unknown}
 n - a scroll of vulnerability {unknown}
 o - 2 scrolls of amnesia {unknown}
 u - a scroll of poison {unknown}
 v - a scroll of magic mapping {unknown}
Potions
 c - 2 potions of ambrosia
 e - 2 potions of curing {unknown}
 g - 2 potions of resistance {unknown}
 j - a potion of heal wounds {unknown}
 m - a potion of flight {unknown}
 r - a potion of haste


   Skills:
 + Level 4.8 Fighting
 + Level 5.2 Axes
 + Level 3.2 Dodging


You had 3 spell levels left.
You didn't know any spells.
Your spell library contained the following spells:

 Spells                   Type           Power      Damage    Failure   Level
 Ensorcelled Hibernation  Hex/Ice        0%         N/A       75%         2
 Passwall                 Tmut/Erth      0%         N/A       75%         2
 Dazzling Flash           Conj/Hex       0%         N/A       92%         3
 Ozocubu's Armour         Ice            0%         N/A       92%         3
 Swiftness                Air            0%         N/A       92%         3
 Volatile Blastmotes      Fire/Tloc      0%         2d10      92%         3
 Iskenderun's Mystic Bla  Conj/Tloc      0%         2d3       100%        4
 Metabolic Englaciation   Hex/Ice        0%         N/A       100%        5
 Simulacrum               Ice/Necr       0%         N/A       100%        6
 Starburst                Conj/Fire      0%         6d3       100%        6


Dungeon Overview and Level Annotations

Branches:
Dungeon (3/15)

Altars:

Shops:
D:3 :

Annotations:
D:3 Crazy Yiuf


Message History

This square is lit by a halo.
You open the door.
Crazy Yiuf says, "Orb!
Island dark broken."
You hit Crazy Yiuf.
Crazy Yiuf is lightly wounded.
Crazy Yiuf closely misses you.
You barely miss Crazy Yiuf. Crazy Yiuf barely misses you.
You hit Crazy Yiuf but do no damage. Crazy Yiuf barely misses you.
You completely miss Crazy Yiuf. Crazy Yiuf misses you.
Crazy Yiuf screams, "Seed!
Spliff foot bush."
Crazy Yiuf drinks a potion.
Crazy Yiuf seems to speed up.
You hit Crazy Yiuf but do no damage.
Crazy Yiuf glowers.
Crazy Yiuf hits you with a +3 quarterstaff of chaos!
You feel your power leaking away.
You hit Crazy Yiuf.
Crazy Yiuf is lightly wounded.
Crazy Yiuf cries, "Spliff aubergine water!"
Crazy Yiuf hits you with a +3 quarterstaff of chaos.
Crazy Yiuf says, "Whiteboard!
Gnoll tired seventy."
Crazy Yiuf hits you with a +3 quarterstaff of chaos!
Crazy Yiuf burns you.
Crazy Yiuf grits, "Pitchfork!
Mama canine noodlescoop."
Crazy Yiuf hits you but does no damage.
You feel protected.
Crazy Yiuf laughs, "Gnoll high Hive!"
Crazy Yiuf hits you with a +3 quarterstaff of chaos.
You feel drained.
You barely miss Crazy Yiuf.
Crazy Yiuf is lightly wounded.
Crazy Yiuf laughs, "Papa song wrapper!"
Crazy Yiuf hits you with a +3 quarterstaff of chaos!
Crazy Yiuf attacks as you move away! Crazy Yiuf hits you but does no damage.
Crazy Yiuf hits you with a +3 quarterstaff of chaos.
Crazy Yiuf attacks as you move away!
Crazy Yiuf hits you with a +3 quarterstaff of chaos.
* * * LOW HITPOINT WARNING * * *
Crazy Yiuf attacks as you move away!
Crazy Yiuf hits you with a +3 quarterstaff of chaos!
You die...

..........# #.........# ... #..
#.# ####### ♣♣♣♣♣##.## #......
### ♣♣♣.♣...+..# #...... ####
#...#♣..♣.♣.....# #...... ...#
#...'.♣♣♣♣g@....# #...... .###
#)..#♣♣ ♣♣..+.##### #...... .#
### ♣♣###....# #...... .# ##.#.##
#...... .# #..#.##.#...... .#
##### #########.#.##....)... .#
#.#.###..#........####......
.#####.#........#.##.#.#########.
.........#.....................†.


You could see Crazy Yiuf (fast).

Vanquished Creatures
  Terence (D:3)
  An orc wizard (D:3)
  3 dart slugs
  4 orcs (D:3)
  5 bats
  4 endoplasms
  2 giant cockroaches
  5 goblins
  4 hobgoblins
  3 jackals (D:3)
  2 kobolds
  A quokka (D:1)
  4 ball pythons
  2 frilled lizards
  5 rats
46 creatures vanquished.

Notes
Turn   | Place    | Note
-------+----------+-------------------------------------------
     0 | D:1      | Okkudo the Hill Orc Monk began the quest for the Orb.
     0 | D:1      | Reached XP level 1. HP: 19/19 MP: 1/1
   171 | D:1      | Reached XP level 2. HP: 27/27 MP: 2/2
   383 | D:1      | Reached XP level 3. HP: 33/33 MP: 3/3
  1178 | D:3      | Noticed Terence
  1225 | D:3      | Killed Terence
  1226 | D:3      | Reached XP level 4. HP: 18/41 MP: 4/4
  1384 | D:3      | Reached skill level 5 in Axes
  1542 | D:3      | Found Qonoss's Book Boutique.
  1790 | D:3      | Found a runed translucent door.
  1791 | D:3      | Noticed Crazy Yiuf
  1808 | D:3      | Slain by Crazy Yiuf

Illustrated notes

Levels and vault maps discovered:
D:1:      dpeg_arrival_simpleton_a, layout_rooms, minmay_ruptured
D:2:      layout_basic
D:3:      layout_basic, serial_shops, shop, nrook_mini_backslash,
          uniq_crazy_yiuf_cottage, uniq_terence

Skill      XL: |  1  2  3  4 |
---------------+-------------+-----
Fighting       | 4 |  4.8
Dodging        | 3 |  3.2
Axes           | 5 |  5.2

Action                     |  1- 3 |  4- 6 || total
---------------------------+-------+-------++-------
  Melee: Hand axe          |   100 |    52 ||   152
  Throw: Dart              |     2 |       ||     2
 Armour: Robe              |     5 |       ||     5
         Ring mail         |    25 |    21 ||    46
  Dodge: Dodged            |    53 |    25 ||    78
